 Dungeon Crawl Stone Soup version 0.28-a0-1080-g05a166d0ed (webtiles) character file.

Game seed: 2530697561721083634

361 spiderkeys the Scratcher (level 6, -2/28 HPs)
             Began as a Felid Abyssal Knight on Dec 9, 2021.
             Was a Believer of Lugonu.
             Slain by a river rat (9 damage)
             ... on level 4 of the Dungeon.
             The game lasted 00:09:22 (6084 turns).

spiderkeys the Scratcher (Felid Abyssal Knight)     Turns: 6084, Time: 00:09:23

Health: -2/28      AC:  2    Str:  9    XL:     6   Next: 38%
Magic:  9/9        EV: 20    Int: 11    God:    Lugonu [**....]
Gold:   135        SH:  5    Dex: 19    Spells: 5/5 levels left
                                        Lives:  0   Deaths: 1

rFire   . . .      SeeInvis +     - Unarmed
rCold   . . .      Faith    .   (shield unavailable)
rNeg    . . .      Spirit   .   (armour unavailable)
rPois   .          Reflect  +   (helmet unavailable)
rElec   .          Harm     .   (cloak unavailable)
rCorr   .          Rampage  .   (gloves unavailable)
Will    .....                   (boots unavailable)
Stlth   +.........              c - amulet of reflection
HPRegen 0.09/turn               (no ring)
MPRegen 0.11/turn               (no ring)

@: very slow
A: very small, claws 1, fangs 3, see invisible, speed 1, shaggy fur 2, stealthy
paws, no weapons or thrown items, no armour, multi-lived
a: Renounce Religion, Depart the Abyss, Bend Space


You were on level 4 of the Dungeon.
You worshipped Lugonu.
Lugonu was pleased with you.
You visited 1 branch of the dungeon, and saw 4 of its levels.
You visited the Abyss 1 time.

You collected 135 gold pieces.


Innate Abilities, Weirdness & Mutations

You have sharp claws.
You have razor-sharp teeth.
You have supernaturally acute eyesight. (SInv)
You cover ground quickly. (Speed+)
You are covered in thick fur. (AC +2)
Your paws help you pounce on unaware monsters.
You are incapable of wielding weapons or throwing items.
You cannot wear armour.
You gain extra lives every three experience levels.


   Skills:
 + Level 3.5 Fighting
 - Level 5.0 Dodging
 + Level 2.3 Stealth
 - Level 6.0 Unarmed Combat
 * Level 3.1 Invocations


You had 5 spell levels left.
You didn't know any spells.
Your spell library contained the following spells:

 Spells                   Type           Power      Damage    Failure   Level
 Conjure Flame            Conj/Fire      0%         6-21      71%         3
 Ignite Poison            Fire/Tmut/Pois 0%         N/A       71%         3
 Sticky Flame             Conj/Fire      0%         2d3       98%         4

Inventory:

Jewellery
 c - an amulet of reflection (around neck)
   (You found it on level 1 of the Abyss)
 F - a ring of fire
   (You found it on level 1 of the Dungeon)
Wands
 m - a wand of digging (6)
   (You took it off Sigmund on level 3 of the Dungeon)
 o - a wand of flame (4)
   (You took it off Ijyb on level 3 of the Dungeon)
Scrolls
 b - 2 scrolls of blinking {!r}
Potions
 a - a potion of mutation {!q}
 e - a potion of flight
 f - 2 potions of heal wounds {@q2}
 g - a potion of lignification {unknown}
 h - a potion of degeneration {unknown}
 i - a potion of berserk rage {unknown}
 j - 2 potions of curing {@q1}
 k - a potion of might {unknown}
 n - a potion of resistance {unknown}

Dungeon Overview and Level Annotations

Branches:
Dungeon (4/15)
 Temple: D:4-7

Altars:
Cheibriados

Annotations:
D:3 2 transporters, Umoon2's ghost, amateur DsGl

........##..#.#
#.........#
............#.##
#####.......#
.......))......##
#...).......#
#####.<#.#..#...#
##.###.##.####
#.)############..# #.# #
#.###≈≈≈≈≈≈≈##..## #.# .
#.##≈#######≈#..####.#..
#.##≈# #≈#....##....
#.##.# #@##.........
#####.##≈# #r###..###..
#......#≈# #≈#.#..##..#
#......#†# ≈##.......#
#......#≈########...##...#
#......##≈≈.≈.≈≈.#..# ...#
#.......##########.## #..#
#####.#.# ... .## #.#.#
....# .#


You could see a river rat.


Message History

Found a snail-covered altar of Cheibriados. 😨 HP[+1]
A hound comes into view.
The hound moves out of view.
The hound closely misses you.
You completely miss the hound. The hound bites you but does no damage.
You claw the hound! You bite the hound. You block the hound's attack. x2
You closely miss the hound. The hound completely misses you.
You scratch the hound. Your bite misses the hound. The hound bites you.
* * * LOW HITPOINT WARNING * * *
😱 HP[-4]
You take 4 damage, and now have 6/28 hp.
You barely miss the hound. The hound misses you. The hound bites you.
* * * LOW HITPOINT WARNING * * *
😱 HP[-1]
You take 1 damage, and now have 5/28 hp.
You scratch the hound.
You kill the hound!
Lugonu accepts your kill.
Your Invocations skill increases to level 3!
A kobold comes into view. It is wielding a +0 whip.
The kobold shouts! 😱 HP[+1]
You scratch the kobold.
You kill the kobold!
Lugonu accepts your kill.
Things that are here:
a +0 whip; a kobold corpse You now have 135 gold pieces (gained 15). 😱 HP[+1]
A rat comes into view.
You hear the quick rusting of a drain.
You enter the shallow water.
Moving in this stuff is going to be slow.
Your unstable footing causes you to fumble your attack.
The rat splashes around in the water.
You completely miss the rat. The rat misses you.
You scratch the rat.
You kill the rat!
Lugonu accepts your kill.
You enter the shallow water.
Moving in this stuff is going to be slow. 😨 HP[+1]
You enter the shallow water.
Moving in this stuff is going to be slow.
An adder and 2 quokkas come into view.
You claw the quokka!
You kill the quokka!
Lugonu accepts your kill. You block the adder's attack.
You barely miss the adder. The adder closely misses you.
Your unstable footing causes you to fumble your attack.
You block the adder's attack.
Your unstable footing causes you to fumble your attack.
The adder bites you.
* * * LOW HITPOINT WARNING * * *
😱 HP[-2]
You take 2 damage, and now have 6/28 hp.
Your unstable footing causes you to fumble your attack.
The adder barely misses you. The adder misses you.
You closely miss the adder. The adder misses you.
Your unstable footing causes you to fumble your attack.
The adder bites you.
* * * LOW HITPOINT WARNING * * *
😱 HP[-1]
You take 1 damage, and now have 5/28 hp.
You barely miss the adder. You block the adder's attack.
Your unstable footing causes you to fumble your attack.
The adder closely misses you.
You barely miss the adder. You block the adder's attack.
Your unstable footing causes you to fumble your attack.
The adder completely misses you. The adder bites you but does no damage.
You claw the adder! The adder misses you.
Your unstable footing causes you to fumble your attack.
You block the adder's attack.
You miss the adder. You block the adder's attack.
You closely miss the adder. You bite the adder.
You kill the adder!
Lugonu accepts your kill.
You scratch the quokka. The quokka barely misses you.
You scratch the quokka.
You kill the quokka!
Lugonu accepts your kill.
Things that are here:
a quokka corpse; an adder corpse; a quokka corpse 😱 HP[+1]
You enter the shallow water.
Moving in this stuff is going to be slow.
A quokka comes into view.
The quokka misses you.
The quokka splashes around in the water.
You scratch the quokka. The quokka completely misses you.
You scratch the quokka.
You kill the quokka!
Lugonu accepts your kill. 😱 HP[+1]
A river rat comes into view.
You hear the rapid rusting of a drain.
The river rat bites you!
You die...

Skill      XL: |  1  2  3  4  5  6 |
---------------+-------------------+-----
Unarmed Combat | 3 4 5 6 |  6.0
Dodging        | 4 5 |  5.0
Invocations    | 2 3 |  3.1
Stealth        | 1 2 |  2.3
Fighting       | |  3.5

Action                   |  1- 3 |  4- 6 || total
-------------------------+-------+-------++-------
Melee: Unarmed           |   141 |   252 ||   393
       Bite              |    11 |    21 ||    32
       Punch             |     2 |     5 ||     7
Invok: Depart the Abyss  |     1 |       ||     1
  Use: Scroll            |     6 |     3 ||     9
 Stab: Sleeping          |     2 |       ||     2
       Distracted        |     1 |       ||     1
Armor: Skin              |    11 |    11 ||    22
Dodge: Dodged            |    86 |   187 ||   273
Block: Other             |    26 |    50 ||    76
       Reflection        |     1 |       ||     1

Levels and vault maps discovered:
D:1:      dpeg_arrival_water_temple_mockup, layout_basic
D:2:      layout_loops_corners, dreamdust_ecumenical_altar_grove,
          minmay_misc_feat_pillars
D:3:      minmay_octagon_keep, layout_basic, gammafunk_ghost_stat_death,
          uniq_jessica, uniq_sigmund, uniq_robin, uniq_ijyb, uniq_terence
D:4:      layout_rooms, mainiacjoe_overflow_small_starburst,
          gup_sewer_entry_spiral, serial_rivers, chequers_serial_rivers_large_b,
          chequers_serial_rivers_micro_c, chequers_serial_rivers_large_a,
          chequers_serial_rivers_micro_d

Notes
Turn   | Place    | Note
-------+----------+-------------------------------------------
     0 | Abyss:1  | spiderkeys the Felid Abyssal Knight began the quest for the
                  | Orb.
     0 | Abyss:1  | Reached XP level 1. HP: 10/10 MP: 3/3
     0 | Abyss:1  | magus.rc [v1.9.10]
   131 | Abyss:1  | Noticed a small abomination
   146 | Abyss:1  | Noticed a raiju
   151 | D:1      | You pass through the gate.
   151 | D:1      | Escaped the Abyss
   595 | D:1      | Reached XP level 2. HP: 13/14 MP: 4/4
  1209 | D:1      | Reached * piety under Lugonu
  1393 | D:1      | Reached skill level 3 in Unarmed Combat
  1859 | D:1      | Reached XP level 3. HP: 17/17 MP: 5/5
  2105 | D:2      | Found a faded altar of an unknown god.
  2213 | D:2      | Reached skill level 4 in Dodging
  2374 | D:2      | You add the spells Conjure Flame, Ignite Poison and Sticky
                  | Flame to your library.
  3023 | D:3      | Reached XP level 4. HP: 21/21 MP: 6/6
  3134 | D:3      | Noticed Robin
  3647 | D:3      | Killed Robin
  3648 | D:3      | Reached skill level 4 in Unarmed Combat
  3732 | D:3      | Found a transporter.
  3737 | D:3      | Noticed Umoon2's ghost (amateur DsGl)
  3754 | D:3      | Found a transporter.
  3897 | D:3      | HP: 2/21 [killer bee zombie (4)]
  4189 | D:3      | Noticed Terence
  4200 | D:3      | Killed Terence
  4201 | D:3      | Reached XP level 5. HP: 18/24 MP: 7/7
  4335 | D:3      | Noticed Sigmund
  4350 | D:3      | Killed Sigmund
  4351 | D:3      | Reached skill level 5 in Dodging
  4351 | D:3      | Reached skill level 5 in Unarmed Combat
  4351 | D:3      | Gained mutation: You are covered in thick fur. (AC +2)
                  | [Felid growth]
  4351 | D:3      | Reached XP level 6. HP: 28/28 MP: 8/8
  4501 | D:3      | Noticed Jessica
  4507 | D:3      | HP: 3/28 [Jessica/nerve-wracking pain (14)]
  4508 | D:3      | Killed Jessica
  4509 | D:3      | Reached skill level 6 in Unarmed Combat
  4577 | D:3      | HP: 5/28 [kobold (4)]
  4581 | D:3      | Slain by a kobold
  4582 | D:3      | Reached XP level 5. HP: 0/24 MP: 7/7
  4582 | D:3      | magus.rc [v1.9.10]
  4613 | D:3      | Reached skill level 2 in Invocations
  4625 | D:3      | Reached skill level 1 in Stealth
  5126 | D:3      | Reached ** piety under Lugonu
  5158 | D:3      | Noticed Ijyb
  5179 | D:3      | HP: 6/24 [Ijyb (2)]
  5187 | D:3      | Killed Ijyb
  5188 | D:3      | Reached XP level 6. HP: 7/28 MP: 8/8
  5599 | D:4      | HP: 7/28 [orc (1)]
  5617 | D:4      | HP: 6/28 [hobgoblin (1)]
  5619 | D:3      | HP: 1/28 [hobgoblin (5)]
  5930 | D:4      | HP: 7/28 [orc (2)]
  5939 | D:4      | Reached skill level 2 in Stealth
  5940 | D:4      | HP: 5/28 [orc (3)]
  6001 | D:4      | Found a snail-covered altar of Cheibriados.
  6016 | D:4      | HP: 6/28 [hound (4)]
  6019 | D:4      | Reached skill level 3 in Invocations
  6053 | D:4      | HP: 6/28 [adder (2)]
  6084 | D:4      | Slain by a river rat

Vanquished Creatures
  Sigmund (D:3)
  A hound (D:4)
  Jessica (D:3)
  Ijyb (D:3)
  Terence (D:3)
  An orc wizard (D:4)
  A killer bee zombie (D:3)
  Robin (D:3)
  4 gnolls (D:3)
  6 adders
  3 dart slugs
  10 orcs
  5 endoplasms
  4 giant cockroaches
  13 goblins
  10 hobgoblins
  3 kobolds
  8 quokkas
  7 ball pythons
  7 bats
  4 frilled lizards
  9 rats
101 creatures vanquished.

Vanquished Creatures (others)
  A hobgoblin (D:3)
  2 fungi (D:2)
  3 plants (D:2)
6 creatures vanquished.

Grand Total: 107 creatures vanquished

Table legend:
 A = Non-vault XP
 B = Vault XP
 C = Vault XP percentage of total XP
 D = Non-vault monster count
 E = Vault monster count
 F = Vault count percentage of total count
                 A         B        C        D         E       F
            +---------+---------+-------+---------+---------+-------
      Total |     307 |     446 |  59.2 |      65 |      36 |  35.6
            +---------+---------+-------+---------+---------+-------
        D:1 |      46 |       0 |   0.0 |      26 |       0 |   0.0
        D:2 |      42 |      18 |  30.0 |      11 |       9 |  45.0
        D:3 |     111 |     408 |  78.6 |      15 |      22 |  59.5
        D:4 |     108 |      20 |  15.6 |      13 |       5 |  27.8
            +---------+---------+-------+---------+---------+-------

Illustrated notes

Table legend:
 A = Kills in this place as a percentage of kills in entire the game.
 B = Kills by you in this place as a percentage of kills by you in the entire game.
 C = Kills by friends in this place as a percentage of kills by friends in the entire game.
 D = Other kills in this place as a percentage of other kills in the entire game.
 E = Experience gained in this place as a percentage of experience gained in the entire game.
 F = Experience gained in this place divided by the number of levels of this place that you have seen.
                   A       B       C       D       E      F
               +-------+-------+-------+-------+-------+----------------------
         Total | 100.0 | 100.0 |   N/A |   N/A | 100.0 | 150.6
       Dungeon | 100.0 | 100.0 |   N/A |   N/A | 100.0 | 188.2
               +-------+-------+-------+-------+-------+----------------------

Table legend: (Time is in decaauts)
 A = Elapsed time spent in this place.
 B = Non-inter-level travel time spent in this place.
 C = Inter-level travel time spent in this place.
 D = Time resting spent in this place.
 E = Time spent auto-exploring this place.
 F = Levels seen in this place.
 G = Mean time per level.
                   A        B        C        D        E       F      G
               +--------+--------+--------+--------+--------+-----+--------+
         Total |   5551 |   5450 |    101 |    834 |   3767 |   5 | 1110.2 |
       Dungeon |   5429 |   5328 |    101 |    834 |   3664 |   4 | 1357.2 |
         Abyss |    122 |    122 |      0 |      0 |    102 |   1 |  122.0 |
               +--------+--------+--------+--------+--------+-----+--------+

Top non-repeatable levels by time:
     D:3: 2167 daAuts
     D:1: 1803 daAuts
     D:2: 1223 daAuts
     D:4: 234 daAuts
 Abyss:1: 122 daAuts
